 Dungeon Crawl Stone Soup version 0.31-a0-662-g684573625c (webtiles) character file.

Game seed: 16484505841033267307

197 Midn8 the Slasher (level 5, -3/38 HPs)
             Began as a Vampire Warper on Sept 1, 2023.
             Was an Initiate of Kikubaaqudgha.
             Killed by divine providence
             ... invoked by an orc priest
              (13 damage)
             ... on level 3 of the Dungeon.
             The game lasted 00:06:09 (2542 turns).

Midn8 the Slasher (Vampire Warper)                  Turns: 2542, Time: 00:06:11

Health: -3/38      AC: 12    Str: 10    XL:     5   Next: 46%
Magic:  8/8        EV: 10    Int: 15    God:    Kikubaaqudgha [......]
Gold:   215        SH:  5    Dex: 16    Spells: 6/8 levels left

rFire   . . .        a - +0 falchion
rCold   . . .        (no shield)
rNeg    . . .        i - +0 ring mail
rPois   .            k - +0 helmet
rElec   .            h - +0 cloak
rCorr   .            (no gloves)
SInv    +            g - +0 pair of boots
Will    .....        w - amulet of reflection
Stlth   +            m - +4 ring of protection
HPRegen 0.46/turn    q - ring of wizardry
MPRegen 0.11/turn

%: reflection, wizardry (x1)
@: healing quickly
A: alive, fangs 3, see invisible, vampiric 2
a: Exsanguinate, Renounce Religion


You were on level 3 of the Dungeon.
You worshipped Kikubaaqudgha.
Kikubaaqudgha was noncommittal.
You visited 1 branch of the dungeon, and saw 4 of its levels.

You collected 215 gold pieces.

Inventory:

Hand Weapons
 a - a +0 falchion (weapon)
Missiles
 d - 7 darts of dispersal
 t - 2 boomerangs (quivered)
Armour
 b - a +0 leather armour
 g - a +0 pair of boots (worn)
 h - a +0 cloak (worn)
 i - a +0 ring mail (worn)
 k - a +0 helmet (worn)
Jewellery
 m - a +4 ring of protection (left hand)
 p - an amulet of the acrobat
 q - a ring of wizardry (right hand)
 v - a +6 ring of dexterity
 w - an amulet of reflection (around neck)
Scrolls
 c - a scroll of blinking
 e - a scroll of revelation
 j - 2 scrolls of identify
 l - 2 scrolls of teleportation
 n - a scroll of vulnerability {unknown}
 u - a scroll of amnesia {unknown}
Potions
 f - a potion of heal wounds
 o - a potion of curing {unknown}
 r - a potion of haste {unknown}
 s - a potion of might {unknown}


   Skills:
 - Level 1.8 Fighting
 + Level 5.7 Long Blades
 - Level 0.8 Throwing
 - Level 0.7 Armour
 - Level 2.2 Dodging
 - Level 2.0 Spellcasting
 - Level 2.4 Translocations


You had 6 spell levels left.
You knew the following spells:

 Your Spells              Type           Power      Damage    Failure   Level
B - Blink                 Tloc           16%        N/A       13%         2

Your spell library contained the following spells:

 Spells                   Type           Power      Damage    Failure   Level
 Lesser Beckoning         Tloc           16%        N/A       13%         2
 Teleport Other           Tloc           8%         N/A       26%         3
 Portal Projectile        Hex/Tloc       10%        N/A       38%         3
 Tukima's Dance           Hex            1%         N/A       52%         3
 Manifold Assault         Tloc           8%         N/A       61%         4
 Passage of Golubria      Tloc           8%         N/A       61%         4
 Iskenderun's Mystic Bla  Conj/Tloc      5%         2d3       77%         4
 Vhi's Electric Charge    Tloc/Air       10%        N/A       77%         4
 Silence                  Hex/Air        0%         N/A       99%         5
 Lehudib's Crystal Spear  Conj/Erth      0%         10d2      100%        8


Dungeon Overview and Level Annotations

Branches:
Dungeon (4/15)
 Temple: D:4-7

Altars:
Kikubaaqudgha
Qazlal

Shops:
D:3 =

Annotations:
D:4 Sigmund


Innate Abilities, Weirdness & Mutations

Your natural rate of healing is accelerated.
You have razor-sharp teeth.
You have supernaturally acute eyesight. (SInv)
You are afflicted with vampirism and can become a bat while bloodless.


Message History

As you read the scroll labelled QAZUKH OFARIR, it crumbles to dust.
It is a scroll of identify.
f - a potion of heal wounds
As you read the scroll labelled QUT BAVOH KUAGA, it crumbles to dust.
You feel strangely unstable.
It was a scroll of teleportation.
Sigmund hits you from afar with a +2 scythe of flaming.
Sigmund burns you.
You climb upwards.
There is a stone staircase leading down here.
You start resting.
Your surroundings suddenly seem different.
HP restored.
There is a stone staircase leading down here.
You climb downwards.
Level annotation: Sigmund The orc priest shouts!
The orc shouts!
The iguana hisses angrily.
There is a stone staircase leading up here.
The orc priest closely misses you. You block the iguana's attack.
You climb upwards.
There is a stone staircase leading down here.
Unknown command.
You hit the orc priest but do no damage.
The orc priest casts a cantrip, but nothing happens.
The iguana bites you!
You hit the orc priest but do no damage.
Your bite misses the orc priest.
The orc priest invokes the aid of Beogh against you.
Beogh smites you! The iguana closely misses you.
You hit the orc priest but do no damage.
The orc priest hits you with a +0 dagger.
* * * LOW HITPOINT WARNING * * *
You block the iguana's attack.
Unknown command.
Blink to where?
Press: ? - help, Dir - move target
As you read the scroll of blinking, it crumbles to dust.
The orc priest calls down the wrath of Beogh upon you.
Beogh smites you!
You die...
Kikubaaqudgha rasps: "You have failed me!
Welcome... death!"

#######..(..#.# ##...#..
##§o...#.......# ##..#..
##.l...........## #..#..
#...............# #..#..
#...............## ##....
#................######....
#.......................#.#
#...............#.#.##.##.#
##........@.......#..#.##.#
##.....#.....>÷####...##.(
######.................#.
########.###########..(..##
#.......[..######........##
#...............).###....#
#..........######## ######
#..........# #..........#


You could see an iguana and an orc priest.

Vanquished Creatures
  A phantom (D:4)
  An iguana (D:4)
  An adder (D:3)
  A worm (D:2)
  3 dart slugs
  4 orcs
  5 ball pythons
  5 bats
  An endoplasm (D:3)
  6 giant cockroaches
  4 goblins
  9 hobgoblins
  6 jackals (D:2)
  4 quokkas
  3 frilled lizards
  5 kobolds
  3 rats
62 creatures vanquished.

Notes
Turn   | Place    | Note
-------+----------+-------------------------------------------
     0 | D:1      | Midn8 the Vampire Warper began the quest for the Orb.
     0 | D:1      | Reached XP level 1. HP: 16/16 MP: 3/3
   285 | D:1      | Reached XP level 2. HP: 22/22 MP: 5/5
   863 | D:1      | Learned a level 2 spell: Blink
   927 | D:2      | Reached skill level 3 in Long Blades
  1020 | D:2      | Gained mutation: You are afflicted with vampirism and can
                  | become a bat while bloodless. [Vampire growth]
  1020 | D:2      | Reached XP level 3. HP: 27/27 MP: 6/6
  1726 | D:3      | Found Paarat's Jewellery Shoppe.
  1740 | D:3      | Found an ancient bone altar of Kikubaaqudgha.
  1743 | D:3      | Reached skill level 4 in Long Blades
  1745 | D:3      | Became a worshipper of Kikubaaqudgha
  1946 | D:3      | Reached XP level 4. HP: 33/33 MP: 7/7
  2260 | D:4      | Found a stormy altar of Qazlal.
  2265 | D:4      | Noticed a phantom
  2299 | D:4      | Killed a phantom
  2300 | D:4      | Reached skill level 5 in Long Blades
  2300 | D:4      | Reached XP level 5. HP: 36/38 MP: 8/8
  2325 | D:4      | Noticed an ogre
  2419 | D:4      | Noticed Sigmund
  2542 | D:3      | Killed from afar by an orc priest

Illustrated notes

Levels and vault maps discovered:
D:1:      dpeg_arrival_shrine, layout_basic
D:2:      layout_basic
D:3:      layout_rooms, mainiacjoe_overflow_chevrons, serial_shops, shop
D:4:      layout_gridville, mainiacjoe_overflow_small_starburst, serial_bayou,
          serial_bayou_ford_a, serial_bayou_crossing, serial_bayou_shore_b,
          serial_bayou_lagoon_b, kennysheep_small_circle, uniq_sigmund

Skill      XL: |  1  2  3  4 |
---------------+-------------+-----
Long Blades    | 3 4 5 |  5.7
Fighting       | |  1.8
Throwing       | |  0.8
Armour         | |  0.7
Dodging        | |  2.2
Spellcasting   | |  2.0
Translocations | |  2.4

Action                     |  1- 3 |  4- 6 || total
---------------------------+-------+-------++-------
  Melee: Falchion          |   167 |    50 ||   217
         Bite              |    10 |     6 ||    16
         Punch             |     2 |     1 ||     3
  Throw: Boomerang         |       |     4 ||     4
   Cast: Blink             |       |     1 ||     1
    Use: Scroll            |       |     4 ||     4
 Armour: Leather armour    |    12 |       ||    12
         Ring mail         |    96 |    29 ||   125
  Dodge: Dodged            |   108 |    27 ||   135
  Block: Other             |       |     2 ||     2

Table legend: (Time is in decaauts)
 A = Elapsed time spent in this place.
 B = Non-inter-level travel time spent in this place.
 C = Inter-level travel time spent in this place.
 D = Time resting spent in this place.
 E = Time spent auto-exploring this place.
 F = Levels seen in this place.
 G = Mean time per level.
                   A        B        C        D        E       F      G
               +--------+--------+--------+--------+--------+-----+--------+
         Total |   2572 |   2434 |    138 |     18 |   1766 |   4 |  643.0 |
       Dungeon |   2572 |   2434 |    138 |     18 |   1766 |   4 |  643.0 |
               +--------+--------+--------+--------+--------+-----+--------+

Top non-repeatable levels by time:
     D:1: 869 daAuts
     D:2: 812 daAuts
     D:3: 609 daAuts
     D:4: 279 daAuts
